AoeStats
← brunoaraujo

Arena

510131172Analyzed
2v2 RM · 2d ago on Sep 29, 2026· 74m 3s· 4 players
Game mode
Random Map
Map size
Medium (4 player)
Population
200
Speed
Normal
Resources
Standard
Victory
Conquest
Starting age
Dark Age
Ending age
Imperial Age
RankedLock teamsTeams togetherTeam positionsShared explorationLock speedFull tech treeHidden civsTurbo modeCheats
Victory
Defeat
🇮🇳 Celts · India
577
+15
🇮🇳 Turks · India
577
+15
🇧🇷 Khmer · Brazil
602
-16
🇪🇸 Turks · Spain
519
-14
ankitsahoo7815
5:21 Loom
11:07 Feudal Age
11:33 Double-Bit Axe
11:30 Horse Collar
13:26 Gold Mining
15:59 Wheelbarrow
20:51 Castle Age
20:41 Man-at-Arms
21:55 Bow Saw
21:48 Heavy Plow
22:28 Husbandry
26:34 Stone Mining
27:01 Forging
26:50 Pikeman
28:31 Murder Holes
32:04 Stronghold
37:25 Imperial Age
35:07 Scale Mail Armor
36:49 Ballistics
37:11 Crossbowman
38:41 Furor Celtica
38:33 Heavy Scorpion
38:34 Capped Ram
41:05 Chemistry
41:13 Gold Shaft Mining
41:43 Caravan
41:59 Siege Ram
43:59 Cavalier
45:24 Iron Casting
44:39 Fletching
44:50 Padded Archer Armor
45:05 Chain Mail Armor
44:56 Scale Barding Armor
45:06 Siege Engineers
56:58 Blast Furnace
56:29 Plate Mail Armor
56:19 Chain Barding Armor
56:15 Leather Archer Armor
55:56 Bodkin Arrow
58:49 Elite Woad Raider
FullestOx956066
10:42 Feudal Age
18:16 Castle Age
20:28 Double-Bit Axe
21:23 Horse Collar
23:44 Stone Mining
28:23 Bow Saw
37:29 Imperial Age
36:13 Heavy Plow
36:47 Gold Mining
37:46 Forging
37:38 Scale Mail Armor
37:35 Elite Janissary
46:41 Two-Man Saw
ManeiroXXi
0:27 Loom
12:54 Feudal Age
14:09 Double-Bit Axe
14:07 Horse Collar
14:22 Stone Mining
14:23 Gold Mining
17:27 Wheelbarrow
25:13 Castle Age
25:10 Fletching
25:31 Forging
25:21 Scale Mail Armor
25:22 Padded Archer Armor
25:27 Scale Barding Armor
25:37 Town Watch
27:50 Caravan
28:18 Bow Saw
28:58 Heavy Plow
29:27 Fervor
30:12 Gold Shaft Mining
33:16 Town Patrol
33:42 Hand Cart
35:38 Devotion
35:59 Sanctity
38:40 Imperial Age
36:47 Bodkin Arrow
37:48 Fortified Wall
37:34 Murder Holes
37:30 Guard Tower
37:51 Masonry
37:24 Treadmill Crane
39:47 Bracer
40:12 Bombard Tower
39:38 Arrowslits
41:20 Keep
41:04 Leather Archer Armor
43:18 Hoardings
43:04 Sipahi
42:50 Squires
45:29 Iron Casting
45:24 Ring Archer Armor
45:10 Chain Mail Armor
45:16 Chain Barding Armor
46:04 Theocracy
45:50 Faith
46:13 Artillery
47:09 Bloodlines
46:59 Husbandry
46:20 Cavalier
49:03 Two-Man Saw
49:04 Ballistics
49:53 Blast Furnace
49:24 Plate Mail Armor
49:54 Parthian Tactics
48:56 Heavy Camel Rider
51:18 Plate Barding Armor
50:07 Elite Janissary
51:49 Conscription
51:42 Arson
51:18 Man-at-Arms
52:29 Thumb Ring
51:45 Crossbowman
52:00 Sappers
53:39 Architecture
58:12 Heavy Cavalry Archer
60:37 Long Swordsman
brunoaraujo
3:19 Loom
16:22 Feudal Age
17:41 Wheelbarrow
16:54 Double-Bit Axe
16:52 Horse Collar
17:04 Town Watch
19:38 Gold Mining
21:16 Bloodlines
26:18 Castle Age
24:23 Stone Mining
25:54 Scale Barding Armor
26:02 Forging
27:48 Hand Cart
27:53 Bow Saw
27:46 Heavy Plow
27:52 Husbandry
31:11 Masonry
32:11 Gold Shaft Mining
33:16 Chain Barding Armor
35:14 Fortified Wall
36:03 Stone Shaft Mining
36:07 Iron Casting
36:11 Sanctity
40:46 Imperial Age
39:06 Tusk Swords
40:38 Town Patrol
40:42 Scale Mail Armor
42:13 Plate Barding Armor
41:05 Cavalier
41:09 Light Cavalry
42:12 Conscription
43:30 Blast Furnace
43:17 Crop Rotation
43:08 Fervor
44:29 Hoardings
45:35 Architecture
46:18 Caravan
45:46 Elite Ballista Elephant
46:28 Double Crossbow
48:10 Chain Mail Armor
50:24 Onager
50:27 Heavy Scorpion
50:35 Hussar
Connection lost

Rejoining the realm…

Still unreachable

The connection could not be restored.

Session expired

The server has moved on; the page needs a fresh start.